 Dungeon Crawl Stone Soup version 0.29.1-4-g47bece8355 (webtiles) character file.

Game seed: 10232120834357043340

102 llahlahkje the Trooper (level 4, -3/35 HPs)
             Began as a Demonspawn Fighter on Dec 1, 2022.
             Killed from afar by Sigmund (7 damage)
             ... with a magic dart
             ... on level 3 of the Dungeon.
             The game lasted 00:06:36 (1429 turns).

llahlahkje the Trooper (Demonspawn Fighter)         Turns: 1429, Time: 00:06:37

Health: -3/35      AC: 10    Str: 18    XL:     4   Next: 49%
Magic:  4/4        EV:  7    Int: 10    God:
Gold:   201        SH:  0    Dex: 12    Spells: 3/3 levels left

rFire   . . .      SeeInvis .   a - +1 long sword
rCold   . . .      Faith    .   (no shield)
rNeg    . . .      Spirit   .   h - +0 chain mail
rPois   .          Reflect  .   (no helmet)
rElec   .          Harm     .   (no cloak)
rCorr   .          Rampage  .   (no gloves)
Will    .....                   f - +0 pair of boots
Stlth   ..........              (no amulet)
HPRegen 0.11/turn               (no ring)
MPRegen 0.09/turn               (no ring)

@: mighty
A: condensation shield, demonic touch 1
a: no special abilities


You were on level 3 of the Dungeon.
You visited 1 branch of the dungeon, and saw 3 of its levels.

You collected 201 gold pieces.

Inventory:

Hand Weapons
 a - a +1 long sword (weapon)
Missiles
 k - 5 poisoned darts (quivered)
Armour
 f - a +0 pair of boots (worn)
 h - a +0 chain mail (worn)
Wands
 e - a wand of paralysis (3)
Scrolls
 c - 2 scrolls of poison
Potions
 b - a potion of degeneration {unknown}
 d - a potion of might
 g - a potion of heal wounds {unknown}
 i - a potion of curing {unknown}
 j - a potion of flight {unknown}


   Skills:
 + Level 3.5 Fighting
 * Level 3.3 Long Blades
 + Level 3.4 Armour
 + Level 0.1 Dodging
 - Level 2.6 Shields


You had 3 spell levels left.
You didn't know any spells.
Your spell library contained the following spells:

 Spells                   Type           Power      Damage    Failure   Level
 Static Discharge         Conj/Air       0%         3-3/arc   100%        2
 Conjure Flame            Conj/Fire      0%         6-21      100%        3
 Ignite Poison            Fire/Tmut/Pois 0%         N/A       100%        3
 Dispel Undead            Necr           0%         3d6       100%        4
 Sticky Flame             Conj/Fire      0%         2d3       100%        4


Dungeon Overview and Level Annotations

Branches:
Dungeon (3/15)

Altars:

Annotations:
D:3 Sigmund


Innate Abilities, Weirdness & Mutations

A meltable shield of frost defends you. (SH +0)
Your touch may inflict minor irresistible damage on your foes.


Message History

There is an open door here.
Found a scroll labelled YHEOGR WOADGH.
Sigmund and a bat come into view.
Sigmund shouts!
Found a stone staircase leading down.
The bat hits you but does no damage.
You closely miss the bat. The bat hits you. The bat hits you.
Sigmund barely misses you.
You see here a scroll labelled YHEOGR WOADGH.
You slash Sigmund!
You touch Sigmund!
Sigmund is severely wounded.
The bat closely misses you.
You hit Sigmund. Your touch misses Sigmund.
Sigmund is almost dead.
The bat hits you but does no damage.
Sigmund mumbles some strange words.
Sigmund flickers and vanishes!
Deactivating autopickup; reactivate with Ctrl-A.
You hear some strange, mumbled words.
A magic dart appears from out of thin air!
The magic dart hits you.
You miss something. The bat closely misses you. Something hits you.
You miss something. The bat hits you but does no damage.
You barely miss something. The bat closely misses you.
The bat completely misses you. Something hits you!
A magic dart appears from out of thin air!
The magic dart hits you.
You hit the bat.
You kill the bat!
You hear some strange, mumbled words.
A puff of flame appears from out of thin air!
The puff of flame hits you!
Your condensation shield dissipates!
* * * LOW HITPOINT WARNING * * *
Something hits you.
* * * LOW HITPOINT WARNING * * *
You feel very mighty all of a sudden.
You hear some strange, mumbled words.
A magic dart appears from out of thin air!
The magic dart hits you!
You die...

#...........#
########.#..#
######## #.#.....
#......# #.#.# .
#......# #.#.#
#......#####.#.# #
#......'.....#.###..#
#......#######{....>.
#......##....@.....#
#.........##########
#......#### #......#
#......# #......#
########


There were no monsters in sight!

Vanquished Creatures
  A gnoll (D:1)
  3 adders (D:2)
  4 dart slugs
  5 orcs (D:3)
  2 ball pythons (D:1)
  6 endoplasms
  7 giant cockroaches
  2 goblins
  4 hobgoblins
  7 bats
  3 frilled lizards (D:1)
  3 kobolds
  6 rats
53 creatures vanquished.

Notes
Turn   | Place    | Note
-------+----------+-------------------------------------------
     0 | D:1      | llahlahkje the Demonspawn Fighter began the quest for the
                  | Orb.
     0 | D:1      | Reached XP level 1. HP: 18/18 MP: 1/1
   111 | D:1      | Found a faded altar of an unknown god.
   208 | D:1      | Gained mutation: A meltable shield of frost defends you.
                  | (SH +0) [demonic ancestry]
   208 | D:1      | Reached XP level 2. HP: 24/24 MP: 2/2
   386 | D:1      | Gained mutation: Your touch may inflict minor irresistible
                  | damage on your foes. [demonic ancestry]
   386 | D:1      | Reached XP level 3. HP: 19/29 MP: 3/3
   743 | D:2      | Reached XP level 4. HP: 29/35 MP: 4/4
  1243 | D:3      | Identified the +1 leather armour "Agerch" {Regen+ Str+4}
  1417 | D:3      | Noticed Sigmund
  1429 | D:3      | Killed from afar by Sigmund

Illustrated notes

Levels and vault maps discovered:
D:1:      tarquinn_simple_flora_water_b, layout_loops_ring,
          dreamdust_ecumenical_altar_statues, hangedman_decor_diamond_cutter
D:2:      layout_rooms, serial_curves, eino_curves_02, eino_curves_01
D:3:      layout_basic, lemuel_crystal_altar, chequers_jeans, uniq_sigmund

Skill      XL: |  1  2  3  4 |
---------------+-------------+-----
Long Blades    | 2 3 |  3.3
Armour         | 3 |  3.4
Fighting       | |  3.5
Dodging        | |  0.1
Shields        | |  2.6

Action                   |  1- 3 |  4- 6 || total
-------------------------+-------+-------++-------
Melee: Long sword        |    72 |    36 ||   108
       Touch             |     6 |     8 ||    14
       Punch             |     1 |       ||     1
  Use: Scroll            |     6 |     2 ||     8
       Potion            |       |     1 ||     1
Armor: Scale mail        |    48 |    12 ||    60
       Chain mail        |       |     9 ||     9
Dodge: Dodged            |    19 |    20 ||    39
Block: Buckler           |    18 |       ||    18
       Other             |    10 |     8 ||    18
